 Dungeon Crawl Stone Soup version 0.19-a0-1697-g0595f0e (webtiles) character file.

231 kae the Poker (level 6, -1/47 HPs)
             Began as a Formicid Fighter on Sept 26, 2016.
             Was an Initiate of Makhleb.
             Slain by Robin
             ... wielding a +3 trident of distortion
              (24 damage)
             ... on level 4 of the Dungeon.
             The game lasted 00:03:08 (2574 turns).

kae the Poker (Formicid Fighter)                    Turns: 2574, Time: 00:03:09

Health: -1/47      AC:  8    Str: 22    XL:     6   Next: 24%
Magic:  6/6        EV:  8    Int:  8    God:    Makhleb [......]
Gold:   211        SH:  9    Dex: 10    Spells: 0 memorised, 5 levels left

rFire  . . .     SeeInvis +     a - +1 trident
rCold  . . .     Gourm    .     b - +1 scale mail
rNeg   . . .     Faith    .     c - +0 shield
rPois  .         Spirit   .     (helmet unavailable)
rElec  .         Dismiss  .     (no cloak)
rCorr  .         Reflect  .     (no gloves)
MR     .....     Harm     .     (no boots)
Stlth  ..........               (no amulet)
                                (no ring)
                                (no ring)

@: no status effects
A: permanent stasis, dig shafts and tunnels, four strong arms, antennae 3
a: Dig, Shaft Self, Renounce Religion


You were on level 4 of the Dungeon.
You worshipped Makhleb.
Makhleb was noncommittal.
You were very hungry.

You visited 2 branches of the dungeon, and saw 5 of its levels.

You collected 211 gold pieces.

Inventory:

Hand Weapons
 a - a +1 trident (weapon)
Armour
 b - a +1 scale mail (worn)
 c - a +0 shield (worn)
Jewellery
 i - an uncursed ring of resist corrosion {unknown}
 q - a cursed -3 ring of intelligence {unknown}
 w - a +2 ring of strength {unknown}
 B - a cursed ring of loudness {unknown}
Wands
 e - a wand of flame (8/48)
 x - a wand of iceblast (7/15)
Scrolls
 g - a scroll of fog
 l - 2 scrolls of remove curse
 p - a scroll of immolation
Potions
 d - a potion of might
 h - a potion of lignification {unknown}
 j - a potion of mutation {unknown}
 m - 3 potions of curing
 o - a potion of brilliance {unknown}
 r - a potion of magic
 z - a potion of heal wounds
Comestibles
 f - 4 bread rations
 t - 2 meat rations
 u - a slice of pizza


   Skills:
 - Level 3.2 Fighting
 + Level 6.1 Polearms
 - Level 3.2 Armour
 - Level 3.6 Shields


You had 5 spell levels left.
You didn't know any spells.

Dungeon Overview and Level Annotations

Branches:
Dungeon (4/15)             Temple (1/1) D:4

Altars:
Ashenzari
Cheibriados
Dithmenos
Elyvilon
Fedhas
Gozag
Hepliaklqana
Kikubaaqudgha
Makhleb
Nemelex Xobeh
Qazlal
Sif Muna
Trog
Uskayaw
Vehumet
Xom
Yredelemnul
Zin

Annotations:
D:4 Robin; dvd's ghost, amateur OpVM


Innate Abilities, Weirdness & Mutations

You are under a permanent stasis effect.
You can dig through walls and to a lower floor.
Your four strong arms can wield two-handed weapons with a shield.
You have a pair of large antennae on your head. (SInv)


Message History

The goblin no longer looks unusually strong.
Robin throws the goblin at you!
Unknown command.
You hit the goblin.
You kill the goblin!
Makhleb accepts your kill.
Robin roars a battlecry!
The goblins go into a battle-frenzy!
Attack whom?
Press: ? - help, Dir - move target cursor, f/p - Robin
Aim: Robin, wielding a trident of distortion, wearing a glowing animal skin and wearing a helmet You reach to attack!
You hit Robin.
Robin is lightly wounded.
Robin says, "Bow before me, strongest of all the hobgoblins!"
Robin throws the goblin at you! You block the goblin's attack.
You closely miss the goblin.
Robin hits you from afar with a trident of distortion.
Space warps horribly around you!
Ouch! That really hurt!
You die...

#.#.#....## #.. #.#.#.....# ..# {
#.#.####..# #.# #{ #.#.#.....#
....#. #.#.#.#.#####
....#.###############.#.#........
..#.......... ........>.....#####
....#.......#########...........
#...........gg†@g..>##.#.#.####
{##.........g#######.##.#.#.#
............{# #.##.#.#.#
.............# #.##.#.#.#
##...........# #.##.#.#
#...........# ##'##+#+#
###+#+###(..# #.........
.#.###...## #.........
...........# #.........


You could see Robin, a hobgoblin and 2 goblins.

Vanquished Creatures
  The ghost of Xiguana the Chopper, a weakling DsCK of Xom (D:3)
  2 orc wizards (D:3)
  A howler monkey skeleton (D:4)
  2 adders
  An ooze (D:1)
  4 worms
  4 dart slugs
  2 leopard geckos
  8 orcs (D:3)
  A ball python (D:3)
  2 giant cockroaches (D:1)
  6 goblins
  7 hobgoblins
  3 jackals (D:1)
  2 quokkas (D:3)
  8 bats
  6 frilled lizards
  7 kobolds
  10 rats
77 creatures vanquished.

Notes
Turn   | Place    | Note
-------+----------+-------------------------------------------
     0 | D:1      | kae the Formicid Fighter began the quest for the Orb.
     0 | D:1      | Reached XP level 1. HP: 18/18 MP: 1/1
   123 | D:1      | Reached XP level 2. HP: 24/24 MP: 2/2
   201 | D:1      | Reached skill level 3 in Polearms
   250 | D:1      | Reached XP level 3. HP: 15/29 MP: 3/3
   924 | D:2      | Found a snail-covered altar of Cheibriados.
   945 | D:2      | Reached XP level 4. HP: 25/35 MP: 4/4
   948 | D:2      | Reached skill level 4 in Polearms
  1062 | D:2      | Found a faded altar of an unknown god.
  1370 | D:3      | Reached XP level 5. HP: 36/41 MP: 5/5
  1449 | D:3      | Noticed Xiguana's ghost (weakling DsCK)
  1467 | D:3      | Killed Xiguana's ghost
  1467 | D:3      | Reached skill level 5 in Polearms
  1646 | D:3      | Found an opulent altar of Gozag.
  1749 | D:3      | Reached XP level 6. HP: 37/47 MP: 6/6
  1855 | D:3      | Noticed a moth of wrath
  1858 | D:3      | Found a bloodstained altar of Trog.
  2054 | D:4      | Noticed dvd's ghost (amateur OpVM)
  2066 | D:4      | HP: 2/47 [dvd's ghost/Olgreb's Toxic Radiance (1)]
  2383 | D:4      | Found a staircase to the Ecumenical Temple.
  2403 | Temple   | Entered the Ecumenical Temple
  2495 | Temple   | Became a worshipper of Makhleb the Destroyer
  2523 | D:4      | Reached skill level 6 in Polearms
  2547 | D:4      | Noticed Robin
  2574 | D:4      | Slain by Robin

Vault maps used:
D:1:      dpeg_arrival_brainrot, minmay_misc_feat_four_crosses, minmay_vboxes
D:2:      kennysheep_slug_shrine, ecumenical_altar_1, serial_park_tiny_1,
          solitary_fountain
D:3:      lemuel_doored_altar, first_bread, tgw_trog
D:4:      uniq_robin
Temple:   regret_index_temple_mists

Skill      XL: |  1  2  3  4  5  6 |
---------------+-------------------+-----
Polearms       | 3 4 5 6 |  6.1
Fighting       | |  3.2
Armour         | |  3.2
Shields        | |  3.6

Action                   |  1- 3 |  4- 6 || total
-------------------------+-------+-------++-------
Melee: Trident           |   128 |   185 ||   313
  Use: Potion            |       |     3 ||     3
       Scroll            |       |    12 ||    12
 Stab: Invisible         |       |     2 ||     2
  Eat: Chunk             |       |     5 ||     5
Armor: Scale mail        |    55 |    47 ||   102
Dodge: Dodged            |    32 |    46 ||    78
Block: Shield            |    38 |    65 ||   103
